cohdb
Replays
Latest Replays
All Replays
Popular Replays
Top Player Replays
Match Explorer
How It Works
Community
CoH3 Stats
Reddit
Sign in to upload your games and track your stats! →
Sign in with Steam
Match 22862767
Unlisted
Match 22862767
Overview
Messages
Build Orders
End
Panzergrenadier Squad
250 Light Carrier
Panzergrenadier Squad
Construct Light Support Kompanie
Combat Half-tracks
Fire Support Elements
Flakvierling Half-track
Pak 38 Mechanized Group
Vehicle Survival Package
2.5-tonne Medical Truck
Veteran Squad Leaders
2.5-tonne Medical Truck
Construct Panzerarmee Kommand
le.IG 18 Support Gun Team
Selects Armored Support Battlegroup
Armored Reserves
Panzer IV Assault Group
Selects Salvage Kits
Selects Panzer Storm
Selects Stuka Anti-tank Loiter
Stuka Anti-tank Loiter
Panzer III L Medium Tank
我小叮当今晚要搞事!
Pinhi
insanepiglet
Miško
Eber
Jonatanga
0
0
Comments
sign in to comment!
No comments posted yet!